Map: Bridgehead LE (Void)

Players

Skullchewer

  • Race: Terran Terran
  • League: Grandmaster

CaptRaynor - Winner!

  • Race: Terran Terran
  • League: Grandmaster

VOD

Have the link to the VOD?

Description

Time

  • Played on: Aug. 12, 2015, 12:57 a.m.
  • Length: 14:01
Show
View Real Time Build Order
Export as new Build Order

Skullchewer Terran 

Build Orders: MMM Bio 

Get SALT Encoding   

  12  0:30  Supply Depot  
  12  0:32  Supply Depot  
  12  0:33  SCV  
  13  0:45  SCV  
  14  0:54  Barracks  
  14  0:57  SCV  
  15  1:10  SCV  
  16  1:13  Engineering Bay  
  16  1:22  SCV  
  17  1:43  Refinery  
  17  1:44  Orbital Command  
  17  1:51  Barracks  
  17  2:01  Marine  
  18  2:15  SCV  
  19  2:18  Marine  
  19  2:20  Refinery  
  20  2:27  SCV  
  21  2:36  Marine  
  22  2:38  Barracks Tech Lab  
  22  2:39  SCV  
  23  2:47  Missile Turret  
  24  2:51  SCV  
  24  2:54  Marine  
  25  3:03  SCV  
  26  3:06  Supply Depot  
  26  3:12  Marine  
  27  3:24  SCV  
  28  3:30  Marine  
  28  3:32  Supply Depot  
  28  3:34  Command Center  
  29  3:36  Stimpack  
  29  3:37  Marauder  
  31  3:43  SCV  
  31  3:47  Marine  
  33  3:51  Hi-Sec Auto Tracking  
  33  3:55  Supply Depot  
  33  3:59  Missile Turret  
  33  4:05  Marine  
  34  4:17  Supply Depot  
  34  4:18  SCV  
  34  4:22  Missile Turret  
  35  4:27  Marauder  
  35  4:28  Marine  
  35  4:30  SCV, Refinery  
  39  4:42  SCV  
  40  4:46  Marine  
  40  4:47  Orbital Command  
  40  4:48  Missile Turret  
  40  4:52  Refinery  
  41  4:56  Terran Infantry Armor Level 1  
  41  5:04  Marine  
  42  5:09  Marauder  
  44  5:22  Marine  
  44  5:28  Supply Depot  
  45  5:37  Factory  
  45  5:40  Marine  
  46  5:45  SCV x2  
  48  5:50  Supply Depot  
  48  5:51  Combat Shields  
  48  5:57  SCV x2  
  48  5:58  Marine  
  51  6:09  SCV x2  
  51  6:11  Marauder  
  55  6:15  Marine  
  56  6:21  SCV x2  
  58  6:30  Armory  
  58  6:31  Factory Reactor  
  58  6:32  Marauder  
  60  6:35  Marine  
  61  6:53  Marine  
  61  6:54  Factory, Marauder  
  64  6:58  SCV  
  65  7:10  SCV  
  65  7:11  Marine  
  65  7:15  Marauder  
  69  7:18  Starport  
  69  7:22  SCV  
  70  7:29  Marine  
  71  7:34  SCV  
  71  7:36  Marauder  
  74  7:39  Missile Turret  
  74  7:46  SCV  
  74  7:47  Marine  
  76  7:58  Marauder  
  78  7:59  Terran Infantry Weapons Level 1, Missile Turret  
  78  8:01  Terran Vehicle Weapons Level 1  
  78  8:06  Factory Tech Lab  
  78  8:08  Widow Mine x2  
  82  8:20  Missile Turret  
  82  8:37  Widow Mine x2  
  82  8:41  Missile Turret  
  86  8:47  Marine x2  
  88  8:57  Starport  
  88  9:05  Widow Mine, Missile Turret, Marine x2  
  88  9:06  Widow Mine  
  88  9:07  Starport Tech Lab  
  94  9:28  Missile Turret  
  94  9:31  Supply Depot  
  94  9:50  Missile Turret  
  94  9:52  Terran Infantry Armor Level 2  
  94  9:53  Marine x2  
  94  9:54  Supply Depot  
  94  9:55  Terran Ship Weapons Level 1  
  96  10:11  Marauder, Missile Turret, Marine  
  99  10:16  Command Center  
  99  10:17  Supply Depot  
  99  10:28  Marine  
  99  10:29  Starport Tech Lab  
  99  10:33  Marauder  
  102  10:36  Fusion Core  
  102  10:40  Supply Depot  
  102  10:56  Command Center  
  102  11:00  Marine  
  102  11:01  Marauder  
  105  11:06  Cyclone  
  105  11:11  Widow Mine  
  108  11:12  Command Center  
  108  11:18  Marine  
  111  11:23  Marauder  
  113  11:33  Missile Turret  
  113  11:36  Marine  
  113  11:38  Cyclone  
  117  11:44  Marauder  
  119  11:53  Marine  
  120  11:55  Missile Turret  
  120  11:57  Orbital Command  
  120  12:05  Marauder  
  121  12:10  Cyclone  
  121  12:11  Marine  
  125  12:27  Marauder  
  121  12:42  Cyclone  
  55  12:52  Marine  
  55  12:53  Marine  
  48  12:59  Viking x2  
  50  13:10  Marine x2  
  50  13:12  Orbital Command  
  51  13:14  Cyclone  
  51  13:18  Starport  
  49  13:28  Marine x2  
  49  13:29  Viking x2  
Show
View Real Time Build Order
Export as new Build Order

CaptRaynor Terran - Winner!

Build Orders: MMM Bio 

Get SALT Encoding   

  12  0:01  SCV  
  13  0:15  Supply Depot  
  13  0:19  SCV  
  14  0:31  SCV  
  15  0:39  Barracks  
  15  0:43  SCV  
  16  0:55  SCV  
  17  1:07  SCV  
  18  1:19  SCV  
  19  1:31  Supply Depot, SCV  
  20  1:34  Command Center  
  20  1:38  Refinery  
  20  1:46  Orbital Command  
  20  2:06  Marine  
  21  2:11  SCV  
  22  2:25  Barracks Tech Lab  
  22  2:27  SCV  
  23  2:37  Barracks  
  23  2:41  SCV  
  24  2:50  Supply Depot  
  24  2:53  SCV x2  
  24  2:57  Refinery  
  24  2:58  Marauder  
  29  3:05  SCV x2  
  30  3:18  Factory, Orbital Command  
  30  3:19  Marauder  
  32  3:24  SCV  
  33  3:27  Barracks Reactor  
  33  3:36  SCV  
  34  3:44  Refinery  
  36  3:48  SCV, Marauder  
  36  3:49  SCV  
  38  3:59  Refinery  
  39  4:04  Marine x2  
  39  4:09  Marauder  
  43  4:12  SCV  
  43  4:18  SCV  
  45  4:24  SCV  
  45  4:29  Marine x2  
  45  4:31  Factory Tech Lab, Marauder  
  49  4:34  Starport  
  49  4:37  SCV x2  
  51  4:43  Supply Depot  
  51  4:49  Command Center, Marine x2  
  53  5:05  Cyclone, Marauder  
  58  5:09  SCV x2  
  58  5:11  Supply Depot  
  60  5:15  Starport Tech Lab  
  60  5:19  Marine x2  
  60  5:20  Fusion Core  
  62  5:24  Stimpack  
  62  5:33  Supply Depot, Marauder  
  62  5:34  SCV x2  
  66  5:47  SCV  
  66  5:48  SCV  
  68  5:50  Marine x2  
  68  5:55  Marauder  
  68  5:56  Supply Depot  
  72  6:01  Cyclone, Barracks  
  75  6:07  Battlecruiser  
  75  6:09  Behemoth Reactor  
  81  6:17  Marine x2  
  83  6:20  Marauder  
  85  6:35  Supply Depot  
  85  6:46  Marine x2  
  89  6:47  Marauder  
  89  6:50  Barracks Reactor  
  89  6:56  Barracks  
  89  6:57  Starport  
  89  7:02  Orbital Command  
  89  7:12  Battlecruiser  
  89  7:13  Engineering Bay  
  95  7:21  Unknown  
  95  7:22  Marine x2  
  95  7:23  Marauder  
  95  7:24  Cyclone  
  95  7:25  SCV x2  
  104  7:38  Starport Reactor  
  104  7:48  Missile Turret  
  104  7:50  Marine x4  
  108  7:56  Barracks Tech Lab  
  108  7:57  Supply Depot  
  108  8:09  Cyclone  
  108  8:10  Marauder  
  113  8:14  Supply Depot  
  113  8:15  Missile Turret, Marine x2  
  113  8:16  Marine x3  
  118  8:21  Battlecruiser  
  118  8:25  SCV x3  
  127  8:30  Command Center  
  127  8:31  Medivac x2, Marauder  
  133  8:39  Missile Turret  
  133  8:41  Cyclone  
  133  8:45  Marine x2  
  133  8:46  Marine x2  
  140  8:52  Supply Depot  
  140  8:56  Refinery  
  140  8:58  SCV  
  141  9:13  Medivac x2  
  141  9:14  SCV x2, Marauder, Supply Depot  
  149  9:22  Marine x3  
  149  9:23  Refinery, Marine  
  155  9:24  Marauder  
  155  9:25  Combat Shields  
  155  9:36  Battlecruiser, Supply Depot  
  161  9:42  Terran Infantry Weapons Level 1  
  161  10:00  Marine x3  
  161  10:01  Marine  
  161  10:02  Marauder x2  
  161  10:03  Armory  
  169  10:23  Weapon Refit  
  169  10:26  Medivac x2  
  173  10:30  Command Center  
  173  10:34  Marine  
  173  10:35  Marine x3  
  179  10:36  Marauder x2  
  179  10:41  Cyclone  
  184  10:49  Battlecruiser  
  190  11:05  Barracks  
  190  11:11  Terran Vehicle And Ship Armor Level 1  
  190  11:18  Marine x2  
  190  11:19  Marine x2  
  190  11:20  Marauder  
  190  11:21  Marauder  
  190  11:22  Planetary Fortress  
  198  11:55  Barracks  
  198  12:06  Barracks Reactor  
  118  13:05  Barracks Tech Lab  
  119  13:13  Marine x2  
  119  13:14  Marine x4  
  119  13:15  Marauder  
  119  13:16  Marauder  
Tags
 
Add a new tag
Caveats
  • Supply blocks, unpowered buildings, or Contaminate may cause inaccurate times.
  • Supply counts are checked every 10 seconds.